 Dungeon Crawl Stone Soup version 0.20.0-8-g6b59dc7 (webtiles) character file.

85436 manyhoops the Tortoise (level 16, -1/123 HPs)
             Began as a Human Chaos Knight on May 31, 2017.
             Slain by a thrashing horror (2 damage)
             ... on level 3 of the Abyss.
             The game lasted 01:12:17 (27303 turns).

manyhoops the Tortoise (Human Chaos Knight)        Turns: 27303, Time: 01:12:18

Health: -1/123     AC: 31    Str: 22 (24) XL:     16   Next: 31%
Magic:  14/14      EV: 10    Int: 11 (12) God:    Xom [...*..]
Gold:   1720       SH:  4    Dex: 10 (11) Spells: 12/15 levels left

rFire    + . .     SeeInvis .   z - +3 scimitar (flame)
rCold    + . .     Gourm    .   N - +0 buckler
rNeg     + . .     Faith    .   a - +0 crystal plate armour
rPois    +         Spirit   .   T - -2 hat of the Alchemist {rElec rPois rF+ rC+ rN+ MR+ rMut rCorr}
rElec    +         Reflect  .   O - +2 cloak
rCorr    +         Harm     +   y - +2 pair of gloves
rMut     +                      l - +0 pair of boots
MR       ++...                  e - amulet of harm
Stlth    ..........             H - +6 ring of strength
Regen    0.3/turn               U - +1 ring of slaying
MPRegen  0.2/turn

@: berserk cooldown
A: repulsion field 1, clumsy 2, deterioration 1, [low mp 1], electricity
resistance
a: Renounce Religion


You were on level 3 of the Abyss.
You worshipped Xom.
You were a favourite toy of Xom.
You were not hungry.

You visited 3 branches of the dungeon, and saw 22 of its levels.
You visited the Abyss 1 time.
You also visited: Labyrinth and Ice Cave.

You collected 1919 gold pieces.
You spent 199 gold pieces at shops.

Inventory:

Hand Weapons
 z - a +3 scimitar of flaming (weapon)
 G - the +6 hand axe "Biuck" {drain, rC+ Stlth+}
   (You found it on level 6 of the Dungeon)

   A truly terrible weapon, it drains the life of those it strikes.
   It protects you from cold.
   It makes you more stealthy.
Missiles
 j - 4 silver javelins
 F - 11 tomahawks (quivered)
Armour
 a - a +0 crystal plate armour (worn)
 k - a scarf of cloud immunity
 l - a +0 pair of boots (worn)
 y - a +2 pair of gloves (worn)
 N - a +0 buckler (worn)
 O - a +2 cloak (worn)
 T - the -2 hat of the Alchemist (worn) {rElec rPois rF+ rC+ rN+ MR+ rMut rCorr}
   (You found it on level 1 of the Lair of Beasts)

   It protects you from fire.
   It protects you from cold.
   It insulates you from electricity.
   It protects you from poison.
   It protects you from negative energy.
   It affects your resistance to hostile enchantments.
   It protects you from acid and corrosion.
   It protects you from mutation.
Jewellery
 b - an uncursed ring of flight
 e - an amulet of harm (around neck)
 n - an uncursed ring of protection from fire
 v - an uncursed ring of protection from cold
 H - a +6 ring of strength (left hand)
 J - an uncursed ring of protection from magic
 U - a +1 ring of slaying (right hand)
Wands
 f - a wand of iceblast (10/15)
 t - a wand of polymorph (16/24)
 w - a wand of digging (13/24)
 A - a wand of scattershot (1/9)
 B - a wand of flame (15/48)
 C - a wand of iceblast (5/15)
 P - a wand of lightning (6/15)
 Z - a wand of iceblast (6/15)
Scrolls
 g - 3 scrolls of immolation
 h - 4 scrolls of amnesia
 o - 2 scrolls of fear
 p - 12 scrolls of remove curse
 s - a scroll of silence
 I - 4 scrolls of vulnerability
 Q - a scroll of enchant weapon
 S - 2 scrolls of fog
 W - 5 scrolls of identify
Potions
 d - 4 potions of flight
 i - 3 potions of resistance
 q - 5 potions of brilliance
 u - a potion of berserk rage
 E - a potion of magic
 K - 3 potions of agility
 X - a potion of might
 Y - a potion of cancellation
Comestibles
 c - 19 bread rations


   Skills:
 - Level 10.4 Fighting
   Level 3.0(9.7) Short Blades
 - Level 13.9(14.0) Long Blades
 - Level 5.2 Axes
 + Level 16.6 Armour
 - Level 8.9 Dodging
 - Level 8.2 Stealth
 - Level 4.4 Shields


You had 12 spell levels left.
You knew the following spells:

 Your Spells              Type           Power        Failure   Level  Hunger
a - Flame Tongue          Conj/Fire      #....        100%        1    ##.....
b - Throw Flame           Conj/Fire      #.....       100%        2    ###....


Dungeon Overview and Level Annotations

Branches:
Dungeon (15/15)            Temple (0/1) D:4            Lair (6/6) D:9
 Shoals (0/4) Lair:4        Snake (0/4) Lair:2        Slime (0/5) Lair:5
    Orc (1/2) D:10         Vaults (0/5) D:14         Depths (0/5) D:15

Altars:
Ashenzari
Elyvilon
Gozag
Kikubaaqudgha
Ru
Sif Muna
Xom
Yredelemnul
The Shining One
Jiyva

Shops:
D:5 *   D:8 *   D:10 *[(

Annotations:
Lair:3 exclusion: 2 oklob plants
Lair:5 exclusion: ice statue


Innate Abilities, Weirdness & Mutations

You are surrounded by a mild repulsion field. (EV +2)
You are very clumsy. (Dex -4)
Your body sometimes deteriorates upon taking damage.
You are resistant to electric shocks. (rElec)
[Your magical capacity is low. (-10% MP)]


Message History

As you read the scroll of fear, it crumbles to dust.
You assume a fearsome visage.
The yellow draconian looks frightened!
The cyan very ugly thing looks frightened!
The cyan very ugly thing resists with some effort. x2
The small abomination is unaffected.
The thrashing horror is unaffected.
The golden eye looks frightened! x2; The starcursed mass is unaffected.
The shadow is unaffected.
The orange demon is unaffected.
The crimson imp is unaffected.
The starcursed mass is unaffected.
The thrashing horror roars!
The thrashing horror barely misses you.
The thrashing horror tramples you but does no damage.
The golden eye blinks! x2
The thrashing horror completely misses you.
The thrashing horror closely misses you.
The golden eye blinks!
You miss the golden eye.
The thrashing horror roars!
The thrashing horror tramples you.
You die...
Xom giggles madly! ### #.# ## ... #G##.# . .. . ##@X## ##... #. ##W#u # ..# . #. #.#uu .. .# u..... #..#. #uXx

. .. .. # .
5dX#54....G..
#. ##
4#...... u .
..#...5 .#
... .
#.##.X#.
##.... . .. #
#X


#dE u. ... .. You could see 2 starcursed masses, 3 very ugly things, a yellow
draconian (fleeing), an orange demon, a thrashing horror, a chaos spawn, a small
abomination, a shadow, a crimson imp and a golden eye (fleeing).

Vanquished Creatures
  A tentacled starspawn (Abyss:3)
  An ettin (D:15)
  A minotaur (Lab)
  4 hydras
  The ghost of GameOver the Covert, a journeyman NaWz of Cheibriados (Lair:1)
  An ice dragon (Lair:4)
  3 centaur warriors
  An ogre mage (D:14)
  10 two-headed ogres
  3 tengu warriors
  A deep troll shaman (Lair:6)
  7 death yaks
  Urug (D:12)
  2 thrashing horrors (Abyss:3)
  5 skeletal warriors
  A deep troll (D:15)
  Pikel (D:7)
  A deep elf archer (D:15)
  4 deep elf magi
  8 ugly things
  22 elephants
  Joseph (D:8)
  A smoke demon (Abyss:3)
  3 black mambas
  A guardian serpent (shapeshifter) (D:12)
  5 gargoyles
  14 spiny frogs
  A freezing wraith (D:15)
  2 komodo dragons
  4 kobold demonologists
  6 rime drakes
  A tengu conjurer (D:15)
  An ancient zyme (Abyss:3)
  3 polar bears
  3 trolls
  A wind drake (Lair:5)
  A merfolk (Lair:5)
  A hornet (D:12)
  Prince Ribbit (D:7)
  2 raiju (Abyss:3)
  14 blink frogs
  A dream sheep (D:10)
  A small abomination (Abyss:3)
  9 hippogriffs
  6 slime creatures (D:14)
  3 shadows
  2 spriggans
  7 wyverns
  A ynoxinul (Abyss:3)
  31 yaks
  A fire bat (D:9)
  A steam dragon (D:9)
  3 hungry ghosts
  8 basilisks
  A naga (Lair:6)
  An acid dragon (D:15)
  10 water moccasins
  7 porcupines
  A large abomination (Abyss:3)
  8 orc warriors
  4 ice beasts
  5 sky beasts
  A slave (D:7)
  A boggart (D:14)
  8 ogres
  5 black bears
  3 necrophages
  22 wolves
  11 crocodiles
  9 centaurs
  8 big kobolds
  9 bullfrogs
  A gnoll sergeant (D:8)
  A wyvern zombie (D:9)
  An earth elemental (Lab)
  8 scorpions
  4 wights (D:11)
  A spriggan skeleton (Lab)
  An electric eel (Lair:1)
  7 crimson imps
  2 centaur zombies
  2 jellies
  2 quasits (D:9)
  A bullfrog zombie (D:12)
  3 bullfrog skeletons
  2 gnoll shamans
  12 orc priests
  4 hounds
  6 centaur skeletons
  2 iguanas
  12 orc wizards
  13 worker ants
  2 hound skeletons
  A howler monkey skeleton (D:11)
  10 gnolls
  20 adders
  4 shadow imps
  3 white imps (Lair:5)
  4 oozes
  An adder skeleton (D:9)
  4 worms
  2 dart slugs
  6 leopard geckos
  68 orcs
  A ball python (D:1)
  5 giant cockroaches
  6 goblins
  3 hobgoblins (D:2)
  8 jackals
  6 quokkas
  5 bats
  6 frilled lizards
  20 kobolds
  A leopard gecko zombie (D:5)
  5 rats
  A spectral orc (D:4)
  2 plants
612 creatures vanquished.

Vanquished Creatures (collateral kills)
  A catoblepas (Lair:6)
  3 two-headed ogres
  A deep elf archer (D:14)
  Maurice (D:10)
  An elephant (Lair:6)
  A spiny frog (Lair:6)
  A centaur skeleton (D:14)
  Grinder (D:5)
  A hippogriff (Lair:5)
  A yak (D:10)
  The ghost of gabygaby the Vexing, an amateur VSEn of Dithmenos (D:4)
  An ice beast (D:7)
  An ogre (D:8)
  A centaur (D:7)
  A bullfrog (D:14)
  2 hounds
  A gnoll shaman (D:4)
  An iguana (D:4)
  An adder (D:4)
  A jackal skeleton (D:5)
23 creatures vanquished.

Vanquished Creatures (others)
  An ancient zyme (Abyss:3)
  A slave (D:7)
  A necrophage (D:9)
  A crocodile (shapeshifter) (D:5)
  An orc wizard (D:9)
  An orc (D:9)
  4 bushes (D:14)
  79 fungi
  41 plants
  2 starspawn tentacles (Abyss:3)
132 creatures vanquished.

Grand Total: 767 creatures vanquished

Notes
Turn   | Place    | Note
-------+----------+-------------------------------------------
     0 | D:1      | manyhoops the Human Chaos Knight began the quest for the Orb.
     0 | D:1      | Reached XP level 1. HP: 18/18 MP: 1/1
   126 | D:1      | XOM: harmless Air miscast
   236 | D:1      | Found a glowing golden altar of the Shining One.
   245 | D:1      | Reached XP level 2. HP: 24/24 MP: 2/2
   451 | D:1      | XOM: divination: detect creatures
   520 | D:1      | XOM: mild Tmut miscast
   732 | D:2      | Reached XP level 3. HP: 24/30 MP: 3/3
   765 | D:2      | XOM: enchant monster (good)
   974 | D:2      | Reached XP level 4. HP: 38/38 MP: 4/4
  1030 | D:2      | Reached skill level 5 in Fighting
  1069 | D:2      | XOM: smoke on damage
  1209 | D:2      | XOM: harmless Tloc miscast
  1501 | D:2      | Reached XP level 5. HP: 37/44 MP: 5/5
  1710 | D:3      | Noticed a necrophage
  1711 | D:3      | XOM: potion effect (invisibility)
  1723 | D:3      | Reached skill level 3 in Armour
  1759 | D:3      | Killed a necrophage
  1759 | D:3      | Reached skill level 4 in Armour
  1759 | D:3      | Reached XP level 6. HP: 23/48 MP: 6/6
  1944 | D:3      | XOM: summons 4 friendly demons
  2067 | D:3      | XOM: fake destruction
  2075 | D:3      | Reached skill level 5 in Armour
  2318 | D:3      | Reached XP level 7. HP: 48/53 MP: 7/7
  2587 | D:3      | XOM: scenery: 1 doors close
  2681 | D:3      | XOM: god gift: 10 stones
  3129 | D:4      | Reached skill level 6 in Armour
  3153 | D:4      | Found a basalt altar of Yredelemnul.
  3187 | D:4      | Noticed gabygaby's ghost (amateur VSEn)
  3188 | D:4      | XOM: summons friendly sun demon
  3193 | D:4      | Killed gabygaby's ghost
  3293 | D:4      | XOM: scenery: 1 doors open, 1 doors close
  3483 | D:4      | Reached skill level 7 in Armour
  3615 | D:4      | Found a shattered altar of Ashenzari.
  3615 | D:4      | Found a sacrificial altar of Ru.
  3660 | D:4      | XOM: give mutation
  3660 | D:4      | Gained mutation: You are robust. (+10% HP) [Xom's grace]
  3763 | D:4      | Reached XP level 8. HP: 60/65 MP: 8/8
  3885 | D:4      | XOM: give mutation
  3885 | D:4      | Gained mutation: You can translocate small distances at will. [Xom's grace]
  3906 | D:4      | XOM: give mutations
  3906 | D:4      | Gained mutation: You have supernaturally acute eyesight. (SInv) [Xom's grace]
  3906 | D:4      | Gained mutation: Your movements are slightly less encumbered by armour. (ER -2) [Xom's grace]
  3906 | D:4      | Gained mutation: Your muscles are strong. (Str +2) [Xom's grace]
  3906 | D:4      | Gained mutation: You are very robust. (+20% HP) [Xom's grace]
  3977 | D:4      | XOM: scenery: 2 doors open
  4118 | D:4      | Found a staircase to the Ecumenical Temple.
  4262 | D:5      | Entered Level 5 of the Dungeon
  4292 | D:5      | XOM: polymorph adder -> worker ant
  4313 | D:5      | XOM: give mutations
  4313 | D:5      | Lost mutation: Your muscles are strong. (Str +2) [Xom's mischief]
  4313 | D:5      | Lost mutation: Your movements are slightly less encumbered by armour. (ER -2) [Xom's mischief]
  4318 | D:5      | XOM: polymorph steam dragon -> worm
  4319 | D:5      | Noticed a wyvern
  4319 | D:5      | a worm changed into a wyvern
  4329 | D:5      | Found Fesezerr's General Store.
  4329 | D:5      | XOM: 4-stop teleportation journey
  4553 | D:5      | XOM: harmless Tloc miscast
  4617 | D:5      | Bought a cursed +0 cloak for 49 gold pieces
  4708 | D:5      | Noticed Grinder
  4711 | D:5      | XOM: summons friendly shadow imp
  4714 | D:5      | XOM: divination: magic mapping
  4716 | D:5      | XOM: summons 8 friendly demons
  4724 | D:5      | Reached skill level 5 in Dodging
  4732 | D:5      | Killed Grinder
  4907 | D:5      | XOM: scenery: create altars
  5019 | D:5      | XOM: scenery: 1 doors close
  5132 | D:5      | XOM: polymorph sky beast -> crocodile
  5134 | D:5      | XOM: divine lightning
  5135 | D:5      | Found a white marble altar of Elyvilon.
  5141 | D:5      | XOM: harmless Tmut miscast
  5301 | D:5      | Noticed a queen bee
  5301 | D:5      | Noticed a fire crab
  5301 | D:5      | a queen bee changed into a fire crab
  5307 | D:5      | Noticed a harpy
  5307 | D:5      | XOM: potion effect (curing)
  5307 | D:5      | Noticed a salamander
  5307 | D:5      | a harpy changed into a salamander
  5313 | D:5      | Noticed an elephant
  5313 | D:5      | a salamander changed into an elephant
  5319 | D:5      | Noticed a salamander
  5319 | D:5      | an elephant changed into a salamander
  5337 | D:5      | Noticed an eye of devastation
  5337 | D:5      | a swamp worm changed into an eye of devastation
  5338 | D:5      | Noticed a glowing shapeshifter
  5338 | D:5      | an eye of devastation changed into a glowing shapeshifter
  5513 | D:6      | Reached XP level 9. HP: 63/82 MP: 9/9
  5736 | D:6      | XOM: harmless Summ miscast
  5754 | D:6      | Got a faintly glowing hand axe
  5755 | D:6      | Identified the +6 hand axe "Biuck" {drain, rC+ Stlth+} (You found it on level 6 of the Dungeon)
  6055 | D:6      | XOM: give mutations
  6055 | D:6      | Gained mutation: You are clumsy. (Dex -2) [Xom's mischief]
  6055 | D:6      | Lost mutation: You are clumsy. (Dex -2) [Xom's mischief]
  6236 | D:6      | XOM: mild Ice miscast
  6248 | D:6      | XOM: stat loss: -1 Str (14/15)
  6342 | D:6      | XOM: blink monster(s)
  6385 | D:6      | XOM: noise
  6501 | D:6      | Noticed a two-headed ogre
  6560 | D:6      | XOM: summons friendly shadow imp
  6569 | D:6      | Killed a two-headed ogre
  6791 | D:7      | Noticed a purple ugly thing
  6805 | D:6      | XOM: god gift: runed robe {god gift}
  6983 | D:7      | Got a blackened helmet
  6989 | D:7      | Identified the -6 helmet of Garon {rF+ Regen+ rCorr Int-2} (You found it on level 7 of the Dungeon)
  7020 | D:7      | XOM: scenery: create altars
  7027 | D:7      | XOM: cloud trail
  7058 | D:7      | Noticed Prince Ribbit
  7058 | D:7      | XOM: give mutation
  7058 | D:7      | Gained mutation: You are resistant to hostile enchantments. (MR+) [Xom's grace]
  7068 | D:7      | Killed Prince Ribbit
  7068 | D:7      | Reached skill level 8 in Armour
  7160 | D:7      | Reached XP level 10. HP: 86/97 MP: 10/10
  7209 | D:7      | Noticed Pikel
  7221 | D:7      | Killed Pikel
  7222 | D:7      | XOM: cast spell 'Death Channel'
  7223 | D:7      | XOM: enchant monster (good)
  7541 | D:7      | XOM: give mutations
  7541 | D:7      | Gained mutation: Your muscles are strong. (Str +2) [Xom's grace]
  7541 | D:7      | Gained mutation: You passively map a small area around you. [Xom's grace]
  7605 | D:7      | XOM: enchant monster (good)
  7757 | D:8      | Found an opulent altar of Gozag.
  7758 | D:8      | Found Gozag's Platinum Reserve.
  7771 | D:8      | Noticed a two-headed ogre
  7776 | D:8      | XOM: summons friendly iron imp
  7796 | D:8      | XOM: harmless Erth miscast
  7820 | D:8      | Killed a two-headed ogre
  7844 | D:8      | Noticed Joseph
  7848 | D:8      | Noticed a two-headed ogre
  7857 | D:8      | XOM: enchant monster (good)
  7931 | D:7      | XOM is BORED!
  7931 | D:7      | XOM: summons 5 hostile demons
  8021 | D:7      | XOM: summons 2 hostile demons
  8027 | D:7      | XOM: divination: detect creatures
  8064 | D:7      | XOM: cast spell 'Summon Small Mammal'
  8171 | D:8      | XOM: mild Fire miscast
  8205 | D:8      | XOM: confuse monster(s)
  8224 | D:8      | Killed a two-headed ogre
  8224 | D:8      | Reached skill level 10 in Fighting
  8359 | D:8      | XOM: 2-stop teleportation journey
  8373 | D:8      | XOM: divination: magic mapping
  8379 | D:8      | Killed Joseph
  8443 | D:8      | Found a deep blue altar of Sif Muna.
  8687 | D:8      | XOM: scenery: create altars
  8711 | D:8      | Reached XP level 11. HP: 97/110 MP: 11/11
  8762 | D:8      | XOM: give mutation
  8762 | D:8      | Gained mutation: You evolve. [Xom's grace]
  8846 | D:9      | Noticed Erolcha
  8934 | D:9      | Found an ancient bone altar of Kikubaaqudgha.
  9145 | D:9      | Got a faintly glowing flail {venom}
  9146 | D:9      | Identified the cursed +0 flail of the Eternal Void {venom, rF- rC+ Dex+2} (You took it off an orc wizard on level 9 of the Dungeon)
  9192 | D:9      | XOM: harmless Air miscast
  9322 | D:9      | XOM: silly message
  9698 | D:9      | Found a staircase to the Lair.
  9816 | D:9      | XOM: harmless Erth miscast
  9859 | D:9      | Reached skill level 5 in Axes
 10022 | D:9      | XOM: silly message
 10137 | D:9      | Reached skill level 1 in Shields
 10228 | D:9      | Noticed Erolcha
 10228 | D:9      | Erolcha changed into Erolcha the fire bat
 10228 | D:9      | XOM: polymorph Erolcha -> Erolcha the fire bat
 10243 | D:9      | Killed Erolcha the fire bat
 10360 | D:10     | Entered Level 10 of the Dungeon
 10391 | D:10     | XOM: swap monsters
 10394 | D:10     | XOM: mild Pois miscast
 10414 | D:10     | XOM: harmless Pois miscast
 10519 | D:10     | XOM: medium Ice miscast
 10564 | D:10     | Gained mutation: Your flesh is heat resistant. (rF+) [evolution]
 10767 | D:10     | Noticed Erica
 10779 | D:10     | Noticed Erica
 10779 | D:10     | Erica changed into Erica the dream sheep
 10779 | D:10     | XOM: polymorph Erica -> Erica the dream sheep
 10781 | D:10     | Killed Erica the dream sheep
 10828 | D:10     | XOM: draining
 10938 | D:10     | Found Kam Tesh's General Store.
 10942 | D:10     | Bought a potion of lignification for 45 gold pieces
 10942 | D:10     | Bought a scroll of identify for 30 gold pieces
 10942 | D:10     | Bought a potion of curing for 45 gold pieces
 10942 | D:10     | Bought a scroll of identify for 30 gold pieces
 10982 | D:10     | Noticed a two-headed ogre
 10998 | D:10     | Killed a two-headed ogre
 11019 | D:10     | Found Plog's Armour Shop.
 11021 | D:10     | Found a staircase to the Orcish Mines.
 11023 | D:10     | Found Duachad's Weapon Shop.
 11130 | D:10     | Noticed a two-headed ogre
 11136 | D:10     | Killed a two-headed ogre
 11181 | D:10     | XOM: harmless Summ miscast
 11283 | D:10     | Noticed Maurice
 11291 | D:10     | Killed Maurice
 11291 | D:10     | Reached skill level 5 in Long Blades
 11322 | D:10     | XOM: summons 3 hostile shadow creatures
 11323 | D:10     | XOM: smoke on damage
 11697 | Lair:1   | Entered Level 1 of the Lair of Beasts
 11733 | Lair:1   | Reached XP level 12. HP: 107/117 MP: 12/12
 11749 | Lair:1   | XOM: give mutation
 11749 | Lair:1   | Lost mutation: You can translocate small distances at will. [Xom's mischief]
 11751 | Lair:1   | XOM: give mutations
 11751 | Lair:1   | Lost mutation: Your flesh is heat resistant. (rF+) [Xom's mischief]
 11751 | Lair:1   | Lost mutation: You are resistant to hostile enchantments. (MR+) [Xom's mischief]
 11751 | Lair:1   | Lost mutation: Your muscles are strong. (Str +2) [Xom's mischief]
 11770 | Lair:1   | XOM: mild Fire miscast
 11785 | Lair:1   | XOM: summons 1 hostile shadow creature
 11900 | Lair:1   | Found a frozen archway.
 11904 | Lair:1   | XOM: medium Conj miscast
 11968 | IceCv    | Entered an ice cave
 12141 | IceCv    | Learned a level 1 spell: Flame Tongue
 12144 | IceCv    | Learned a level 2 spell: Throw Flame
 12157 | IceCv    | XOM: swap monsters
 12228 | IceCv    | XOM: silly message
 12605 | Lair:1   | XOM: enchant monster (bad)
 12878 | Lair:1   | Noticed GameOver's ghost (journeyman NaWz)
 12904 | Lair:2   | Found a staircase to the Snake Pit.
 12957 | Lair:1   | XOM: mild Chrm miscast
 12974 | Lair:1   | XOM: cleaving
 12977 | Lair:1   | XOM: repel stairs
 12996 | Lair:1   | Killed GameOver's ghost
 13069 | Lair:1   | XOM: confuse monster(s)
 13200 | Lair:1   | XOM: divination: detect items
 13243 | Lair:1   | XOM: potion effect (haste)
 13406 | Lair:1   | XOM: fog
 13495 | Lair:2   | XOM: fake destruction
 13502 | Lair:1   | Reached skill level 10 in Long Blades
 13548 | Lair:2   | Found a white marble altar of Elyvilon.
 13895 | Lair:2   | XOM: chaos cloud
 14075 | Lair:2   | XOM: harmless Pois miscast
 14088 | Lair:2   | XOM: blink monster(s)
 14121 | Lair:2   | XOM: fog
 14129 | Lair:2   | XOM: fog
 14148 | Lair:2   | XOM: god gift: 40 gold pieces
 14219 | Lair:2   | XOM: harmless Tmut miscast
 14310 | Lair:2   | XOM: noise
 14317 | Lair:2   | XOM: mild Pois miscast
 14326 | Lair:2   | Reached XP level 13. HP: 52/124 MP: 13/13
 14624 | Lair:2   | Noticed a dire elephant
 14624 | Lair:2   | XOM: torment (55/124 hp)
 14644 | Lair:1   | XOM: harmless Summ miscast
 14681 | Lair:1   | XOM: summons 4 hostile demons
 14701 | Lair:1   | XOM: god gift: 55 gold pieces
 14836 | Lair:2   | XOM: give mutations
 14836 | Lair:2   | Gained mutation: You possess an exceptional clarity of mind. [Xom's grace]
 14836 | Lair:2   | Gained mutation: Your spells are a little harder to cast, but a little more powerful. [Xom's grace]
 14836 | Lair:2   | Gained mutation: You have large cloven feet. [Xom's grace]
 14836 | Lair:2   | Gained mutation: You are extremely robust. (+30% HP) [Xom's grace]
 15034 | Lair:2   | XOM: enchant monster (good)
 15078 | Lair:2   | XOM: silly message
 15128 | Lair:2   | XOM: swap monsters
 15131 | Lair:2   | XOM: chaos cloud
 15135 | Lair:2   | Noticed a frost giant
 15135 | Lair:2   | a dire elephant changed into a frost giant
 15135 | Lair:2   | XOM: polymorph dire elephant -> frost giant
 15229 | Lair:2   | Noticed an iron dragon
 15229 | Lair:2   | a frost giant changed into an iron dragon
 15229 | Lair:2   | XOM: polymorph frost giant -> iron dragon
 15313 | Lair:2   | Lost mutation: Your spells are a little harder to cast, but a little more powerful. [potion of mutation]
 15313 | Lair:2   | Lost mutation: You possess an exceptional clarity of mind. [potion of mutation]
 15313 | Lair:2   | Lost mutation: You are extremely robust. (+30% HP) [potion of mutation]
 15313 | Lair:2   | Gained mutation: You are clumsy. (Dex -2) [potion of mutation]
 15313 | Lair:2   | Gained mutation: You rapidly evolve. [potion of mutation]
 15314 | Lair:2   | Lost mutation: You have large cloven feet. [potion of mutation]
 15314 | Lair:2   | Lost mutation: You are clumsy. (Dex -2) [potion of mutation]
 15314 | Lair:2   | Lost mutation: You passively map a small area around you. [potion of mutation]
 15314 | Lair:2   | Gained mutation: You are partially covered in iridescent scales. (AC +2) [potion of mutation]
 15314 | Lair:2   | Gained mutation: Your spells are a little harder to cast, but a little more powerful. [potion of mutation]
 15327 | Lair:2   | Gained mutation: Your muscles are strong. (Str +2) [evolution]
 15371 | Lair:3   | XOM: 1-stop teleportation journey
 15729 | Lair:3   | XOM: summons 6 hostile demons
 15741 | Lair:3   | XOM: give mutation
 15741 | Lair:3   | Lost mutation: You have supernaturally acute eyesight. (SInv) [Xom's mischief]
 15980 | Lair:3   | XOM: blink monster(s)
 16356 | Lair:3   | XOM: medium Air miscast
 16361 | Lair:3   | XOM: potion effect (might)
 16377 | Lair:3   | XOM: smoke on damage
 16431 | Lair:3   | XOM: give mutation
 16431 | Lair:3   | Gained mutation: Armour fits poorly on your strangely shaped body. [Xom's mischief]
 16659 | Lair:4   | XOM: enchant monster (bad)
 16673 | Lair:4   | XOM: smoke on damage
 16871 | Lair:4   | XOM: divination: detect creatures
 17071 | Lair:4   | XOM: harmless Erth miscast
 17105 | Lair:4   | Reached skill level 1 in Stealth
 17204 | Lair:4   | Found a staircase to the Shoals.
 17519 | Lair:4   | XOM: give mutations
 17519 | Lair:4   | Lost mutation: Armour fits poorly on your strangely shaped body. [Xom's mischief]
 17519 | Lair:4   | Lost mutation: Your muscles are strong. (Str +2) [Xom's mischief]
 17519 | Lair:4   | Lost mutation: You rapidly evolve. [Xom's mischief]
 17689 | Lair:5   | Noticed an ice dragon
 17702 | Lair:4   | Killed an ice dragon
 17996 | Lair:4   | XOM: give mutations
 17996 | Lair:4   | Lost mutation: You are very robust. (+20% HP) [Xom's mischief]
 17996 | Lair:4   | Lost mutation: You are robust. (+10% HP) [Xom's mischief]
 17999 | Lair:5   | XOM: fake destruction
 18075 | Lair:5   | XOM: cleaving
 18100 | Lair:5   | XOM: polymorph elephant -> merfolk
 18113 | Lair:5   | Reached skill level 5 in Stealth
 18299 | Lair:5   | XOM: polymorph yak -> wind drake
 18306 | Lair:5   | XOM: silly message
 18307 | Lair:5   | XOM: 1-stop teleportation journey
 18316 | Lair:5   | XOM: summons friendly iron imp
 18331 | Lair:5   | Reached XP level 14. HP: 93/111 MP: 14/14
 18680 | Lair:5   | Found a viscous altar of Jiyva.
 18680 | Lair:5   | Found a staircase to the Slime Pits.
 18815 | Lair:5   | XOM: harmless Fire miscast
 19022 | Lair:6   | Entered Level 6 of the Lair of Beasts
 19070 | Lair:6   | Found a labyrinth entrance.
 19082 | Lair:6   | XOM: noise
 19087 | Lab      | Entered a labyrinth
 19340 | Lab      | XOM: enchant monster (bad)
 19426 | Lab      | XOM: mild Necr miscast
 19478 | Lair:6   | XOM: blink monster(s)
 19490 | Lair:6   | Reached skill level 9 in Armour
 19501 | Lair:6   | XOM: divination: magic mapping
 19502 | Lair:6   | XOM: cast spell 'Summon Mana Viper'
 19539 | Lair:6   | XOM: silly message
 19614 | Lair:6   | Reached skill level 10 in Armour
 19945 | Lair:6   | XOM: divination: detect items
 19952 | Lair:6   | XOM: cast spell 'Summon Mana Viper'
 19997 | Lair:6   | XOM: noise
 20051 | Lair:6   | XOM: 1-stop teleportation journey
 20158 | Lair:6   | XOM: scenery: create altars
 20236 | Lair:6   | XOM: polymorph blink frog -> naga
 20263 | Lair:6   | Identified the +4 scale mail of Tapaogy {rPois MP+9 Slay-3} (You found it on level 6 of the Lair of Beasts)
 20343 | Lair:6   | Reached skill level 11 in Armour
 20401 | Lair:6   | XOM: destruction
 20402 | Lair:6   | XOM: summons 5 friendly demons
 20427 | Lair:6   | XOM: cleaving
 20430 | Lair:6   | XOM: scenery: create altars
 20434 | Lair:6   | XOM: confuse monster(s)
 20707 | Lair:6   | XOM: polymorph black mamba -> blink frog
 20717 | Lair:6   | XOM: summons friendly shadow imp
 20720 | Lair:6   | XOM: mild Necr miscast
 20746 | Lair:6   | Lost mutation: You evolve. [potion of mutation]
 20746 | Lair:6   | Lost mutation: Your spells are a little harder to cast, but a little more powerful. [potion of mutation]
 20746 | Lair:6   | Lost mutation: You are partially covered in iridescent scales. (AC +2) [potion of mutation]
 20746 | Lair:6   | Gained mutation: Potions are less effective at restoring your health. [potion of mutation]
 20746 | Lair:6   | Gained mutation: You are agile. (Dex +2) [potion of mutation]
 20747 | Lair:6   | Lost mutation: You are agile. (Dex +2) [potion of mutation]
 20747 | Lair:6   | Lost mutation: Potions are less effective at restoring your health. [potion of mutation]
 20747 | Lair:6   | Gained mutation: You are resistant to electric shocks. (rElec) [potion of mutation]
 20747 | Lair:6   | Gained mutation: Your body sometimes deteriorates upon taking damage. [potion of mutation]
 20747 | Lair:6   | Gained mutation: You are surrounded by a mild repulsion field. (EV +2) [potion of mutation]
 20795 | Lair:6   | XOM: potion effect (might)
 20805 | Lair:6   | Reached skill level 12 in Armour
 20807 | Lair:6   | XOM: confusion (+ monsters)
 21506 | D:11     | Found an ancient bone altar of Kikubaaqudgha.
 21726 | D:11     | XOM: noise
 21727 | D:11     | XOM: noise
 21736 | D:11     | Reached XP level 15. HP: 103/116 MP: 15/15
 21819 | D:11     | XOM: give mutations
 21819 | D:11     | Gained mutation: You are clumsy. (Dex -2) [Xom's mischief]
 21819 | D:11     | Gained mutation: You are very clumsy. (Dex -4) [Xom's mischief]
 21831 | D:11     | XOM: noise
 21933 | D:11     | XOM: mild Erth miscast
 22064 | D:11     | Found a shimmering altar of Xom.
 22265 | D:11     | XOM: blink monster(s)
 22651 | D:12     | Noticed Urug
 22668 | D:12     | Killed Urug
 22668 | D:12     | Reached skill level 13 in Armour
 23089 | D:13     | XOM: cleaving
 23093 | D:13     | XOM: potion effect (agility)
 23184 | D:13     | XOM: 5-stop teleportation journey
 23261 | D:13     | XOM: divination: magic mapping
 23448 | D:13     | Reached skill level 14 in Armour
 23667 | D:14     | XOM: divination: detect creatures
 23669 | D:14     | XOM: enchant monster (good)
 23714 | D:14     | XOM: 2-stop teleportation journey
 23759 | D:14     | XOM: swap monsters
 23762 | D:14     | XOM: harmless Conj miscast
 23781 | D:14     | XOM: harmless Tmut miscast
 23796 | D:14     | XOM: 2-stop teleportation journey
 23797 | D:14     | XOM: harmless Tmut miscast
 23811 | D:14     | XOM: noise
 23821 | D:14     | XOM: silly message
 23826 | D:14     | XOM: divination: detect items
 23860 | D:14     | XOM: harmless Air miscast
 23863 | D:14     | XOM: potion effect (might)
 24148 | D:14     | XOM: harmless Summ miscast
 24195 | D:14     | XOM: cast spell 'Summon Small Mammal'
 24200 | D:14     | XOM: butterfly on damage
 24444 | D:14     | XOM: fog
 24507 | D:14     | Reached skill level 15 in Armour
 24516 | D:14     | XOM: summons friendly iron imp
 24600 | D:14     | XOM: 7-stop teleportation journey
 24776 | D:14     | XOM: summons 6 friendly demons
 24782 | D:14     | XOM: confuse monster(s)
 24789 | D:14     | XOM: divination: detect creatures
 24835 | D:14     | Found a gate to the Vaults.
 25026 | D:14     | Identified the +3 leather armour "Xuyzai" {rPois Regen+} (You found it on level 14 of the Dungeon)
 25182 | D:15     | Entered Level 15 of the Dungeon
 25209 | D:15     | XOM: divination: magic mapping
 25232 | D:15     | Reached XP level 16. HP: 91/122 MP: 16/16
 25438 | D:15     | Reached skill level 16 in Armour
 25526 | D:15     | Found a staircase to the Depths.
 26023 | D:15     | XOM: divination: detect creatures
 26214 | Orc:1    | Entered Level 1 of the Orcish Mines
 26314 | Orc:1    | XOM: summons 8 hostile demons
 26399 | Orc:1    | XOM: severe Tloc miscast
 26399 | Orc:1    | Cast into level 3 of the Abyss (the severe capriciousness of Xom)
 26466 | Abyss:3  | Noticed a tentacled starspawn
 26480 | Abyss:3  | XOM: blink monster(s)
 26516 | Abyss:3  | XOM: cast spell 'Leda's Liquefaction'
 26523 | Abyss:3  | XOM: snakes to sticks
 26532 | Abyss:3  | XOM: fake destruction
 26642 | Abyss:3  | XOM: summons 5 hostile demons
 26743 | Abyss:3  | XOM: noise
 26744 | Abyss:3  | XOM: chaos cloud
 26764 | Abyss:3  | XOM: scenery: create altars
 27012 | Abyss:3  | Noticed a tentacled starspawn
 27019 | Abyss:3  | Killed a tentacled starspawn
 27262 | Abyss:3  | XOM: swap monsters
 27263 | Abyss:3  | Noticed a tentacled starspawn
 27267 | Abyss:3  | XOM: summons 6 hostile demons
 27268 | Abyss:3  | XOM: noise
 27269 | Abyss:3  | XOM: mild Hex miscast
 27274 | Abyss:3  | XOM: medium Hex miscast
 27301 | Abyss:3  | HP: 1/123 [cyan very ugly thing (7)]
 27303 | Abyss:3  | Slain by a thrashing horror

Skill      XL: |  1  2  3  4  5  6  7  8  9 10 11 12 13 14 15 16 |
---------------+-------------------------------------------------+-----
Fighting       | 4 5 6 8 10 | 10.4
Armour         | 4 5 7 8 12 15 16 | 16.6
Dodging        | 3 5 6 8 |  8.9
Axes           | 5 |  5.2
Shields        | 4 |  4.4
Long Blades    | 5 11 13 | 13.9
Stealth        | 5 8 |  8.2
Short Blades   | |  3.0

Action                   |  1- 3 |  4- 6 |  7- 9 | 10-12 | 13-15 | 16-18 || total
-------------------------+-------+-------+-------+-------+-------+-------++-------
Melee: Short sword       |    93 |   172 |   300 |       |       |       ||   565
       Hand axe          |       |       |   100 |   465 |   113 |       ||   678
       Scimitar          |       |       |       |   244 |  1323 |   194 ||  1761
Throw: Javelin           |       |       |    19 |     3 |       |       ||    22
       Tomahawk          |       |       |     1 |    12 |     2 |       ||    15
       Throwing net      |       |       |       |     1 |       |       ||     1
 Abil: Blink             |       |       |       |     1 |       |       ||     1
Evoke: Wand              |       |       |       |     7 |    13 |       ||    20
  Use: Potion            |       |     2 |     2 |     9 |    10 |    13 ||    36
       Scroll            |       |     1 |     9 |    15 |    12 |     7 ||    44
 Stab: Confused          |     3 |       |       |     4 |     3 |       ||    10
       Petrifying        |     1 |       |       |       |     2 |       ||     3
       Paralysed         |       |     2 |       |       |     2 |       ||     4
       Invisible         |       |     6 |       |       |       |       ||     6
       Distracted        |       |       |     2 |     1 |     5 |       ||     8
       Sleeping          |       |       |     4 |     1 |    10 |       ||    15
       Petrified         |       |       |     7 |       |     8 |       ||    15
       Held in net/web   |       |       |       |     1 |       |       ||     1
  Eat: Chunk             |       |     5 |     6 |    20 |    14 |     6 ||    51
       Royal jelly       |       |       |     2 |       |     2 |       ||     4
       Meat ration       |       |       |     1 |       |     3 |       ||     4
       Bread ration      |       |       |       |     1 |       |     1 ||     2
       Fruit             |       |       |       |       |     7 |     1 ||     8
Armor: Leather armour    |     5 |     2 |   118 |    77 |       |       ||   202
       Ring mail         |    25 |    55 |       |       |       |       ||    80
       Steam dragon scal |       |       |       |   146 |   114 |       ||   260
       Skin              |       |       |       |     7 |     7 |       ||    14
       Crystal plate arm |       |       |       |       |   568 |   143 ||   711
Dodge: Dodged            |    45 |    73 |   288 |   618 |   625 |   102 ||  1751
Block: Buckler           |       |       |       |    91 |   262 |    38 ||   391
       Rpst.: Scimitar   |       |       |       |    37 |   143 |    17 ||   197
